 Dungeon Sprint DCSS version 0.29-a0-284-gf9362112df (webtiles) character file.

Game seed: 14053463678323555193

15528 mhtbhm the Phalangite (level 12, -5/204 HPs)
             Began as a Minotaur Berserker on Mar 27, 2022.
             Was the Champion of Trog.
             Slain by the 26-headed Lernaean hydra (10 damage)
             ... in the Dungeon (Sprint I: "Red Sonja").
             The game lasted 00:06:56 (3456 turns).

mhtbhm the Phalangite (Minotaur Berserker)          Turns: 3456, Time: 00:06:57

Health: -5/204     AC: 14    Str: 27    XL:     12   Next: 2%
Magic:  11/11      EV: 12    Int: 10    God:    Trog [******]
Gold:   2190       SH:  0    Dex:  6    Spells: 11/11 levels left

rFire   + . .      SeeInvis .   a - +6 glaive (flame)
rCold   . . .      Faith    .   (shield currently unavailable)
rNeg    . . .      Spirit   .   b - +3 scale mail {rF+}
rPois   +          Reflect  .   (helmet restricted)
rElec   .          Harm     .   (no cloak)
rCorr   .          Rampage  +   (no gloves)
Will    .....      NoTele   +   n - +0 pair of boots {rampage}
Stlth   ..........              (no amulet)
HPRegen 0.44/turn               t - ring of Brilliance {rPois Int+6 Dex-4 Stlth+}
MPRegen 0.12/turn               (no ring)

@: berserking, very quick
A: horns 2, retaliatory headbutt
a: Renounce Religion, Berserk, Trog's Hand, Brothers in Arms


You were in the Dungeon.
You worshipped Trog.
Trog was exalted by your worship.
You visited 1 branch You collected 3744 gold pieces.
You spent 1554 gold pieces at shops.

Inventory:

Hand Weapons
 a - a +6 glaive of flaming (weapon)
Missiles
 m - 2 curare-tipped darts
 o - 3 atropa-tipped darts (quivered)
Armour
 b - a +3 scale mail of fire resistance (worn)
 n - a +0 pair of boots of rampaging (worn)
Jewellery
 t - the ring of Brilliance (left hand) {rPois Int+6 Dex-4 Stlth+}
   (You acquired it in the Dungeon)

   [ring of intelligence]

   Int:       It affects your intelligence (+6).
   Dex:       It affects your dexterity (-4).
   rPois:     It protects you from poison.
   Stlth:     It makes you more stealthy.
Wands
 i - a wand of flame (13)
 k - a wand of paralysis (11)
 s - a wand of charming (8)
Scrolls
 h - 2 scrolls of enchant armour
 p - 2 scrolls of enchant weapon
 q - 2 scrolls of magic mapping {unknown}
 u - a scroll of blinking
 v - a scroll of summoning
Potions
 c - 5 potions of curing
 d - 3 potions of heal wounds
 e - a potion of haste
 f - 2 potions of magic
 g - a potion of berserk rage
 l - a potion of ambrosia {unknown}
 r - a potion of degeneration {unknown}
Miscellaneous
 j - a piece from Xom's chessboard (15/15)


   Skills:
 + Level 21.6 Fighting
 + Level 23.1 Polearms
 + Level 1.4 Throwing
 + Level 12.9 Armour
 + Level 11.3 Dodging
 + Level 2.5 Stealth
 + Level 1.9 Evocations


You had 11 spell levels left.
You didn't know any spells.
Your spell library was empty.

Dungeon Overview and Level Annotations

Branches:
Dungeon (1/1)

Altars:
Cheibriados
Dithmenos
Elyvilon
Fedhas
Gozag
Hepliaklqana
Kikubaaqudgha
Makhleb
Nemelex Xobeh
Okawaru
Qazlal
Ru
Sif Muna
Trog
Uskayaw
Vehumet
Wu Jian
Xom
Yredelemnul
Zin
The Shining One
Jiyva
Lugonu

Shops:
D *:[?:!(!(((:?=([(?

Annotations:
D Lernaean hydra


Innate Abilities, Weirdness & Mutations

You have a pair of horns on your head.
You reflexively headbutt those who attack you in melee.


Message History

The 26-headed Lernaean hydra bites you but does no damage. x2
The 26-headed Lernaean hydra barely misses you.
The 26-headed Lernaean hydra bites you.
The 26-headed Lernaean hydra bites you but does no damage.
The 26-headed Lernaean hydra barely misses you.
The 26-headed Lernaean hydra bites you but does no damage. x2
The 26-headed Lernaean hydra bites you. The 26-headed Lernaean hydra bites you!
* * * LOW HITPOINT WARNING * * *
The 26-headed Lernaean hydra bites you.
* * * LOW HITPOINT WARNING * * *
The 26-headed Lernaean hydra bites you but does no damage. x2
The 26-headed Lernaean hydra completely misses you.
The 26-headed Lernaean hydra bites you!
* * * LOW HITPOINT WARNING * * *
The 26-headed Lernaean hydra bites you!
* * * LOW HITPOINT WARNING * * *
The 26-headed Lernaean hydra bites you.
* * * LOW HITPOINT WARNING * * *
The 26-headed Lernaean hydra bites you but does no damage.
You completely miss the 26-headed Lernaean hydra.
The 26-headed Lernaean hydra is moderately wounded.
You barely miss the 26-headed Lernaean hydra.
The 26-headed Lernaean hydra is moderately wounded.
The 26-headed Lernaean hydra bites you.
* * * LOW HITPOINT WARNING * * *
The 26-headed Lernaean hydra bites you!
* * * LOW HITPOINT WARNING * * *
The 26-headed Lernaean hydra misses you.
The 26-headed Lernaean hydra bites you but does no damage.
The 26-headed Lernaean hydra closely misses you.
The 26-headed Lernaean hydra bites you.
* * * LOW HITPOINT WARNING * * *
The 26-headed Lernaean hydra bites you.
* * * LOW HITPOINT WARNING * * *
The 26-headed Lernaean hydra barely misses you.
The 26-headed Lernaean hydra bites you.
* * * LOW HITPOINT WARNING * * *
The 26-headed Lernaean hydra closely misses you.
The 26-headed Lernaean hydra bites you!
You die...

#.≈..#..§.§§§.§§§.#
###..#..§.§[.§§...#
+..##..........##
##'##..........#
#≈≈≈##........##
#≈≈≈≈##.[.(..##
#≈≈≈≈≈########
##≈≈≈≈#≈≈≈
#@D≈≈'≈≈.
#$$$##≈≈#≈≈≈ #$$$
#####' #$$$ ####


You could see the 26-headed Lernaean hydra.

Vanquished Creatures
  A golden dragon (D)
  A shadow dragon (D)
  A deep elf annihilator (D)
  A mummy priest (D)
  A hydra (D)
  2 centaur warriors (D)
  Sonja (D)
  A deep troll (D)
  A lindwurm (D)
  2 oklob plants (D)
  2 merfolk sirens (D)
  A gargoyle (D)
  2 unseen horrors (D)
  4 demonic crawlers (D)
  2 kobold demonologists (D)
  A hellwing (D)
  4 hornets (D)
  A slime creature (D)
  Sigmund (D)
  A yak (D)
  13 hogs (D)
  2 redbacks (D)
  3 floating eyes (D)
  An ogre (D)
  7 necrophages (D)
  8 jellies (D)
  Ijyb (D)
66 creatures vanquished.

Vanquished Creatures (others)
  A gargoyle (D)
  A hornet (D)
  2 ballistomycete spores (D)
4 creatures vanquished.

Grand Total: 70 creatures vanquished

Notes
Turn   | Place    | Note
-------+----------+-------------------------------------------
     0 | D        | mhtbhm the Minotaur Berserker began the quest for the Orb.
     0 | D        | Reached XP level 1. HP: 19/19 MP: 0/0
     1 | D        | Noticed Ijyb
    11 | D        | Killed Ijyb
    12 | D        | Reached skill level 5 in Fighting
    12 | D        | Reached skill level 5 in Polearms
    12 | D        | Reached XP level 2. HP: 25/29 MP: 1/1
   231 | D        | Noticed an ogre
   236 | D        | Killed an ogre
   237 | D        | Reached skill level 8 in Polearms
   237 | D        | Reached XP level 3. HP: 40/40 MP: 2/2
   237 | D        | Reached XP level 4. HP: 48/48 MP: 3/3
   286 | D        | Noticed Sigmund
   292 | D        | Killed Sigmund
   292 | D        | Reached ** piety under Trog
   293 | D        | Reached skill level 10 in Polearms
   293 | D        | Reached XP level 5. HP: 58/58 MP: 4/4
   346 | D        | Found an ornate altar of the Wu Jian Council.
   346 | D        | Found a shimmering blue altar of Sif Muna.
   348 | D        | Found a radiant altar of Vehumet.
   352 | D        | Reached skill level 10 in Fighting
   352 | D        | Reached skill level 11 in Polearms
   352 | D        | Reached skill level 5 in Armour
   352 | D        | Reached XP level 6. HP: 66/66 MP: 5/5
   410 | D        | Found Weunwoud's Book Emporium.
   410 | D        | Found an ancient bone altar of Kikubaaqudgha.
   410 | D        | Found a hazy altar of Hepliaklqana.
   410 | D        | Found a stormy altar of Qazlal.
   410 | D        | Found a hide-covered altar of Uskayaw.
   410 | D        | Found a blossoming altar of Fedhas.
   410 | D        | Found a bloodstained altar of Trog.
   410 | D        | Found an iron altar of Okawaru.
   410 | D        | Found a basalt altar of Yredelemnul.
   410 | D        | Found a glowing golden altar of the Shining One.
   410 | D        | Found a snail-covered altar of Cheibriados.
   410 | D        | Found a sacrificial altar of Ru.
   410 | D        | Found a glowing silver altar of Zin.
   410 | D        | Found a shadowy altar of Dithmenos.
   410 | D        | Found a white marble altar of Elyvilon.
   410 | D        | Noticed a yak
   418 | D        | Killed a yak
   419 | D        | Reached skill level 12 in Polearms
   419 | D        | Found an opulent altar of Gozag.
   420 | D        | Found a sparkling altar of Nemelex Xobeh.
   480 | D        | Found a burning altar of Makhleb.
   480 | D        | Found a viscous altar of Jiyva.
   480 | D        | Found a shimmering altar of Xom.
   480 | D        | Found a corrupted altar of Lugonu.
   480 | D        | Noticed a slime creature
   491 | D        | Killed a slime creature
   492 | D        | Reached skill level 13 in Polearms
   492 | D        | Reached skill level 5 in Dodging
   492 | D        | Reached XP level 7. HP: 58/75 MP: 6/6
   574 | D        | Noticed a kobold demonologist
   574 | D        | Noticed a kobold demonologist
   577 | D        | Reached *** piety under Trog
   585 | D        | Killed a kobold demonologist
   586 | D        | Reached skill level 14 in Polearms
   593 | D        | Killed a kobold demonologist
   593 | D        | Reached **** piety under Trog
   594 | D        | Reached skill level 15 in Polearms
   594 | D        | Reached XP level 8. HP: 86/86 MP: 7/7
   628 | D        | Noticed a centaur warrior
   628 | D        | Noticed a centaur warrior
   641 | D        | Killed a centaur warrior
   642 | D        | Reached skill level 16 in Polearms
   645 | D        | Killed a centaur warrior
   646 | D        | Reached skill level 15 in Fighting
   646 | D        | Reached skill level 17 in Polearms
   646 | D        | Reached XP level 9. HP: 25/97 MP: 8/8
   952 | D        | Noticed a deep troll
   961 | D        | Killed a deep troll
   962 | D        | Reached skill level 18 in Polearms
  1039 | D        | Found Dusune's Armour Emporium.
  1058 | D        | Noticed Sonja
  1071 | D        | Killed Sonja
  1109 | D        | Found Tagof's Assorted Antiques.
  1117 | D        | Bought a large steel ring for 110 gold pieces
  1320 | D        | Paralysed by a hornet for 2 turns
  1324 | D        | Paralysed by a hornet for 2 turns
  1384 | D        | Noticed an oklob plant
  1395 | D        | Killed an oklob plant
  1395 | D        | Reached ***** piety under Trog
  1396 | D        | Reached XP level 10. HP: 110/110 MP: 9/9
  1466 | D        | Reached skill level 19 in Polearms
  1661 | D        | Reached skill level 1 in Stealth
  1893 | D        | Killed a gargoyle
  1917 | D        | Reached ****** piety under Trog
  1917 | D        | Received a gift from Trog
  2032 | D        | Found Umpeur's Magic Scroll Shoppe.
  2032 | D        | Found Tuoz's Armour Shop.
  2032 | D        | Found Woepp's Book Boutique.
  2034 | D        | Found Mis Ytwi's Distillery.
  2034 | D        | Found Taomoiqa's Weapon Shop.
  2034 | D        | Found Namp's Distillery.
  2034 | D        | Found Dulira's Antique Weapon Boutique.
  2034 | D        | Found Umys's Antique Weapon Emporium.
  2034 | D        | Found Kiguq's Weapon Shop.
  2034 | D        | Found Tuiniec's Book Shoppe.
  2040 | D        | Found Naideifiph's Magic Scroll Boutique.
  2041 | D        | Found Kugoth's Weapon Emporium.
  2041 | D        | Found Dufi's Jewellery Boutique.
  2042 | D        | Found Goploh's Antique Weapon Emporium.
  2054 | D        | Bought a scroll of enchant weapon for 105 gold pieces
  2070 | D        | Bought a +3 scale mail of fire resistance for 260 gold
                  | pieces
  2076 | D        | Bought a scroll of enchant armour for 82 gold pieces
  2076 | D        | Bought a scroll of identify for 22 gold pieces
  2080 | D        | Bought a potion of heal wounds for 50 gold pieces
  2080 | D        | Bought a potion of flight for 30 gold pieces
  2082 | D        | Bought a potion of heal wounds for 55 gold pieces
  2139 | D        | Reached skill level 20 in Polearms
  2141 | D        | Reached skill level 10 in Armour
  2148 | D        | Reached skill level 1 in Evocations
  2177 | D        | Noticed a lindwurm
  2180 | D        | Killed a lindwurm
  2180 | D        | Received a gift from Trog
  2232 | D        | Reached XP level 11. HP: 106/122 MP: 10/10
  2237 | D        | Reached skill level 21 in Polearms
  2242 | D        | Received a gift from Trog
  2295 | D        | Noticed a 12-headed hydra
  2297 | D        | Killed a ten-headed hydra
  2298 | D        | Reached skill level 10 in Dodging
  2482 | D        | Noticed a shadow dragon
  2482 | D        | Noticed a golden dragon
  2523 | D        | Killed a shadow dragon
  2673 | D        | Killed a golden dragon
  2674 | D        | Reached skill level 22 in Polearms
  2680 | D        | Identified the +1 chain mail of Leaves {Str+4}
  2769 | D        | Found Benk's Magic Scroll Shoppe.
  2787 | D        | Bought a scroll of acquirement for 572 gold pieces
  2787 | D        | Bought a scroll of enchant weapon for 82 gold pieces
  2787 | D        | Bought a scroll of blinking for 82 gold pieces
  2787 | D        | Bought a scroll of summoning for 104 gold pieces
  2787 | D        | Acquired the ring of Brilliance {rPois Int+6 Dex-4 Stlth+}
  2812 | D        | Noticed a deep elf annihilator
  2818 | D        | Received a gift from Trog
  2850 | D        | Received a gift from Trog
  3169 | D        | Killed a deep elf annihilator
  3170 | D        | Reached skill level 1 in Throwing
  3178 | D        | Noticed a mummy priest
  3179 | D        | Noticed an oklob plant
  3180 | D        | Killed an oklob plant
  3181 | D        | Noticed a soul eater
  3181 | D        | Noticed a sun demon
  3188 | D        | Killed a mummy priest
  3189 | D        | Reached skill level 23 in Polearms
  3189 | D        | Reached XP level 12. HP: 85/136 MP: 11/11
  3449 | D        | Noticed the 27-headed Lernaean hydra
  3456 | D        | HP: 9/204 [the 26-headed Lernaean hydra (6)]
  3456 | D        | Slain by the 26-headed Lernaean hydra

Illustrated notes

Levels and vault maps discovered:
D:        dungeon_sprint_1 [red_sonja_temple_1, red_sonja_temple_small_1]

Skill      XL: |  1  2  3  4  5  6  7  8  9 10 11 |
---------------+----------------------------------+-----
Fighting       | 5 7 9 10 11 13 15 16 19 21 | 21.6
Polearms       | 5 8 10 11 13 15 17 18 20 23 | 23.1
Armour         | 3 4 5 6 8 9 10 12 | 12.9
Dodging        | 3 4 5 6 7 8 9 11 | 11.3
Stealth        | 1 2 |  2.5
Evocations     | 1 |  1.9
Throwing       | 1 |  1.4

Action                   |  1- 3 |  4- 6 |  7- 9 | 10-12 || total
-------------------------+-------+-------+-------+-------++-------
Melee: Spear             |    13 |    25 |    67 |    46 ||   151
       Headbutt          |       |     3 |     6 |    32 ||    41
       Glaive            |       |       |       |   101 ||   101
       Punch             |       |       |       |     1 ||     1
Throw: Dart              |       |       |       |     5 ||     5
Invok: Berserk           |     2 |     3 |     6 |     6 ||    17
       Brothers in Arms  |       |       |       |     1 ||     1
Evoke: Wand              |       |       |     2 |       ||     2
  Use: Scroll            |       |       |     2 |     2 ||     4
       Potion            |       |       |       |     2 ||     2
Armor: Leather armour    |       |     2 |     7 |       ||     9
       Troll leather arm |       |       |     6 |     6 ||    12
       Scale mail        |       |       |       |    37 ||    37
Dodge: Dodged            |     3 |     4 |    24 |    58 ||    89

Table legend: (Time is in decaauts)
 A = Elapsed time spent in this place.
 B = Non-inter-level travel time spent in this place.
 C = Inter-level travel time spent in this place.
 D = Time resting spent in this place.
 E = Time spent auto-exploring this place.
 F = Levels seen in this place.
 G = Mean time per level.
                   A        B        C        D        E       F      G
               +--------+--------+--------+--------+--------+-----+--------+
         Total |   3515 |   3479 |     36 |   2471 |      1 |   1 | 3515.0 |
       Dungeon |   3515 |   3479 |     36 |   2471 |      1 |   1 | 3515.0 |
               +--------+--------+--------+--------+--------+-----+--------+

Top non-repeatable levels by time:
       D: 3515 daAuts
